 Dungeon Crawl Stone Soup version 0.30-a0-476-g330ca2eb8e (webtiles) character file.

Game seed: 8774206821603805561

30 HoaS the Shooter (level 3, 0/21 HPs)
             Began as a Tengu Hunter on Dec 21, 2022.
             Constricted to death by Ijyb (4 damage)
             ... on level 3 of the Dungeon.
             The game lasted 00:02:08 (1796 turns).

HoaS the Shooter (Tengu Hunter)                     Turns: 1796, Time: 00:02:09

Health: 0/21       AC:  4    Str: 11    XL:     3   Next: 18%
Magic:  4/4        EV: 13    Int: 11    God:
Gold:   155        SH:  0    Dex: 19    Spells: 2/2 levels left

rFire   . . .      SeeInvis .    a - +0 shortbow
rCold   . . .      Faith    .    (shield currently unavailable)
rNeg    . . .      Spirit   .    c - +1 leather armour
rPois   .          Reflect  .    (helmet restricted)
rElec   +          Harm     .    (no cloak)
rCorr   .          Rampage  .    (no gloves)
Will    .....                    (boots unavailable)
Stlth   ++........               (no amulet)
HPRegen 0.23/turn                d - ring of Symmetry {rElec EV+4 Int+2}
MPRegen 0.09/turn                (no ring)

@: mighty, grasped by roots, constricted
A: beak, talons 3
a: no special abilities


You were on level 3 of the Dungeon.
You visited 1 branch of the dungeon, and saw 3 of its levels.

You collected 155 gold pieces.

Inventory:

Hand Weapons
 a - a +0 shortbow (weapon)
Missiles
 f - a throwing net
Armour
 c - a +1 leather armour (worn)
Jewellery
 d - the ring of Symmetry (left hand) {rElec EV+4 Int+2}
   (You found it on level 2 of the Dungeon)

   [ring of evasion]

   EV:        It affects your evasion (+4).
   Int:       It affects your intelligence (+2).
   rElec:     It insulates you from electricity.
Wands
 l - a wand of flame (21)
Scrolls
 b - 2 scrolls of immolation
 g - a scroll of poison {unknown}
 h - a scroll of enchant armour
 j - a scroll of amnesia {unknown}
 k - a scroll of fog {unknown}
Potions
 i - 2 potions of might


   Skills:
 - Level 2.0 Fighting
 + Level 5.5 Ranged Weapons
 - Level 2.1 Dodging
 - Level 1.0 Stealth


You had 2 spell levels left.
You didn't know any spells.
Your spell library was empty.

Dungeon Overview and Level Annotations

Branches:
Dungeon (3/15)

Altars:

Annotations:
D:3 Ijyb


Innate Abilities, Weirdness & Mutations

You have a beak for a mouth.
You have claws for feet.


Message History

The jackal barely misses you.
You shoot an arrow. The arrow hits the jackal!
You kill the jackal!
Ijyb zaps a wand.
The roots erupt in riotous growth!
The jackal is unaffected.
The grasping roots grab you!
Ijyb is unaffected.
The grasping roots constrict you! The jackal bites you.
Ijyb screams, "I cut your head off!" The grasping roots constrict you.
You feel better. The jackal closely misses you.
Ijyb screams, "I cut your head off!" The grasping roots constrict you.
You feel very mighty all of a sudden.
The jackal bites you but does no damage. x2
The grasping roots constrict you.
You shoot an arrow. The arrow closely misses the jackal.
The arrow hits Ijyb.
Ijyb is lightly wounded.
The jackal bites you but does no damage.
The grasping roots constrict you.
* * * LOW HITPOINT WARNING * * *
The jackal bites you.
* * * LOW HITPOINT WARNING * * *
The grasping roots release their grip on you.
You shoot an arrow. The arrow hits the jackal.
The jackal is heavily wounded.
The jackal misses you.
You shoot an arrow. The arrow barely misses the jackal.
The arrow hits Ijyb.
Ijyb is moderately wounded.
The jackal bites you.
* * * LOW HITPOINT WARNING * * *
The jackal misses you.
You shoot an arrow. The arrow hits the jackal!
You kill the jackal!
Ijyb barely misses you.
You shoot an arrow. The arrow closely misses Ijyb.
Ijyb closely misses you.
You shoot an arrow. The arrow hits Ijyb.
Ijyb is moderately wounded.
Ijyb zaps a wand.
The roots erupt in riotous growth!
The grasping roots grab you!
Ijyb is unaffected.
The grasping roots constrict you.
You die...

. .. ... ....
.....
###########......
#........@g...>..
##.########......
#.# ..... #.#####
.... #.....# ###
#####.# #.# #.#
#.# ###########


You could see Ijyb.

Vanquished Creatures
  A worm (D:2)
  2 endoplasms (D:1)
  2 giant cockroaches (D:2)
  3 goblins
  2 hobgoblins
  3 jackals (D:3)
  4 kobolds
  2 ball pythons
  A bat (D:1)
  4 rats
24 creatures vanquished.

Notes
Turn   | Place    | Note
-------+----------+-------------------------------------------
     0 | D:1      | HoaS the Tengu Hunter began the quest for the Orb.
     0 | D:1      | Reached XP level 1. HP: 12/12 MP: 2/2
   542 | D:1      | Reached XP level 2. HP: 17/17 MP: 3/3
   857 | D:2      | Reached skill level 5 in Ranged Weapons
  1136 | D:2      | Identified the ring of Symmetry {rElec EV+4 Int+2}
  1292 | D:2      | Found a faded altar of an unknown god.
  1520 | D:2      | Reached XP level 3. HP: 21/21 MP: 4/4
  1784 | D:3      | Noticed Ijyb
  1796 | D:3      | Constricted to death by Ijyb

Illustrated notes

Levels and vault maps discovered:
D:1:      lightli_arrival_noodles, layout_loops_corners
D:2:      layout_loops_ring, dreamdust_ecumenical_altar_statues
D:3:      layout_basic, serial_shops, nicolae_shop_behind_doors, uniq_ijyb,
          uniq_sigmund

Skill      XL: |  1  2 |
---------------+-------+-----
Ranged Weapons | 5 |  5.5
Fighting       | |  2.0
Dodging        | |  2.1
Stealth        | |  1.0

Action                   || total
-------------------------++-------
 Fire: Shortbow          ||    74
  Use: Scroll            ||     4
       Potion            ||     2
Armor: Leather armour    ||     9
Dodge: Dodged            ||    22

Table legend: (Time is in decaauts)
 A = Elapsed time spent in this place.
 B = Non-inter-level travel time spent in this place.
 C = Inter-level travel time spent in this place.
 D = Time resting spent in this place.
 E = Time spent auto-exploring this place.
 F = Levels seen in this place.
 G = Mean time per level.
                   A        B        C        D        E       F      G
               +--------+--------+--------+--------+--------+-----+--------+
         Total |   1817 |   1733 |     84 |    110 |   1471 |   3 |  605.7 |
       Dungeon |   1817 |   1733 |     84 |    110 |   1471 |   3 |  605.7 |
               +--------+--------+--------+--------+--------+-----+--------+

Top non-repeatable levels by time:
     D:1: 865 daAuts
     D:2: 751 daAuts
     D:3: 200 daAuts
